AoeStats
← BudgetBench6953

Arena

510272124Analyzed
1v1 RM · 7h ago on Sep 30, 2026· 52m 38s· 2 players
Game mode
Random Map
Map size
Tiny (2 player)
Population
200
Speed
Normal
Resources
Standard
Victory
Conquest
Starting age
Dark Age
Ending age
Imperial Age
RankedLock teamsTeams togetherTeam positionsShared explorationLock speedFull tech treeHidden civsTurbo modeCheats
Victory
Defeat
🇮🇳 Bohemians · India
882
+18
🇺🇸 Bulgarians · United States
923
-18
Naghadatha
0:36 Loom
11:44 Feudal Age
17:31 Castle Age
15:49 Horse Collar
17:55 Double-Bit Axe
31:44 Ballistics
36:37 Ballistics
36:11 Fletching
42:02 Imperial Age
40:45 Wheelbarrow
41:19 Chemistry
41:41 Wheelbarrow
41:54 Scale Barding Armor
42:03 Forging
42:31 Wagenburg Tactics
45:30 Cavalier
47:38 Husbandry
48:02 Chain Barding Armor
48:20 Iron Casting
49:03 Conscription
49:47 Hand Cart
BudgetBench6953
8:53 Loom
10:45 Feudal Age
14:47 Castle Age
12:35 Loom
14:51 Castle Age
29:13 Double-Bit Axe
31:48 Fletching
33:25 Town Watch
37:10 Redemption
39:47 Gold Mining
43:28 Imperial Age
46:52 Pikeman
48:57 Wheelbarrow
48:27 Halberdier
50:01 Illumination
51:21 Gold Shaft Mining
52:01 Onager
Connection lost

Rejoining the realm…

Still unreachable

The connection could not be restored.

Session expired

The server has moved on; the page needs a fresh start.